 Dungeon Crawl Stone Soup version 0.30-a0-4-ga7cffc901d (webtiles) character file.

Game seed: 8523080421222131174

65 siradein the Shield-Bearer (level 3, -3/29 HPs)
             Began as a Vampire Fighter on Aug 22, 2022.
             Killed from afar by Natasha (9 damage)
             ... with a magic dart
             ... on level 3 of the Dungeon.
             The game lasted 00:02:23 (1626 turns).

siradein the Shield-Bearer (Vampire Fighter)        Turns: 1626, Time: 00:02:24

Health: -3/29      AC:  6    Str: 15    XL:     3   Next: 94%
Magic:  3/3        EV:  8    Int: 12    God:
Gold:   65         SH:  4    Dex: 13    Spells: 2/2 levels left

rFire   . . .      SeeInvis +    a - +0 rapier
rCold   . . .      Faith    .    c - +0 buckler
rNeg    . . .      Spirit   .    b - +0 scale mail
rPois   .          Reflect  .    (no helmet)
rElec   .          Harm     .    (no cloak)
rCorr   .          Rampage  .    (no gloves)
Will    .....                    (no boots)
Stlth   ..........               (no amulet)
HPRegen 0.29/turn                (no ring)
MPRegen 0.08/turn                (no ring)

@: healing quickly, slowed, very slow
A: alive, fangs 3, see invisible, vampiric 2
a: Exsanguinate


You were on level 3 of the Dungeon.
You visited 1 branch of the dungeon, and saw 3 of its levels.

You collected 65 gold pieces.

Inventory:

Hand Weapons
 a - a +0 rapier (weapon)
Armour
 b - a +0 scale mail (worn)
 c - a +0 buckler (worn)
Scrolls
 h - a scroll of butterflies {unknown}
 j - 2 scrolls of teleportation {unknown}
Potions
 d - a potion of might
 e - 3 potions of curing {unknown}
 f - a potion of degeneration {unknown}
 g - a potion of heal wounds {unknown}
 i - 2 potions of lignification {unknown}


   Skills:
 + Level 3.2 Fighting
 + Level 3.0 Short Blades
 + Level 2.9 Armour
 + Level 3.2 Shields


You had 2 spell levels left.
You didn't know any spells.
Your spell library was empty.

Dungeon Overview and Level Annotations

Branches:
Dungeon (3/15)

Altars:
Xom

Annotations:
D:3 Natasha


Innate Abilities, Weirdness & Mutations

Your natural rate of healing is accelerated.
You have razor-sharp teeth.
You have supernaturally acute eyesight. (SInv)
You are afflicted with vampirism and can become a bat while bloodless.


Message History

Natasha hisses angrily.
The hobgoblin shouts!
There are monsters nearby!
There are monsters nearby!
Natasha claws you!
You hit Natasha but do no damage. Natasha claws you.
You miss Natasha. Natasha barely misses you.
You barely miss Natasha. Natasha barely misses you.
You closely miss Natasha. Natasha claws you. x2
You barely miss Natasha. Natasha casts a spell at you.
You feel yourself slow down.
You hit Natasha.
Natasha is heavily wounded.
You block Natasha's attack.
You closely miss Natasha.
Natasha is heavily wounded.
Natasha claws you but does no damage. You block Natasha's attack.
You barely miss Natasha.
Natasha is heavily wounded.
Natasha claws you but does no damage.
You hit Natasha. Your bite misses Natasha.
Natasha is severely wounded.
Natasha casts a spell.
Natasha barely misses you.
You closely miss Natasha. Your bite misses Natasha.
Natasha is heavily wounded.
Natasha claws you.
You barely miss Natasha.
Natasha is heavily wounded.
Natasha claws you. x2
You closely miss Natasha.
Natasha is heavily wounded.
Natasha claws you.
* * * LOW HITPOINT WARNING * * *
Natasha barely misses you.
You hit Natasha.
Natasha is almost dead.
Natasha stares at you and mumbles some strange words.
The magic dart hits you!
You die...

# # # #. .#. #.#
#.# ## ..##.# ..
#.#.###.#
#<#...####
####.###.........
.....gh@..######.
#.##.5###.# #.
#.# .. #.. .?
#.## #. #.# # .#


You could see Natasha, a shadow imp (summoned) and a hobgoblin.

Vanquished Creatures
  2 adders (D:2)
  A worm (D:2)
  A dart slug (D:2)
  2 bats
  7 endoplasms
  A giant cockroach (D:2)
  5 goblins
  2 hobgoblins
  4 jackals (D:1)
  A quokka (D:2)
  2 ball pythons
  6 kobolds (D:1)
  2 rats (D:2)
36 creatures vanquished.

Notes
Turn   | Place    | Note
-------+----------+-------------------------------------------
     0 | D:1      | siradein the Vampire Fighter began the quest for the Orb.
     0 | D:1      | Reached XP level 1. HP: 17/17 MP: 1/1
   300 | D:1      | Found a faded altar of an unknown god.
   410 | D:1      | Reached XP level 2. HP: 23/23 MP: 2/2
   861 | D:2      | Gained mutation: You are afflicted with vampirism and can
                  | become a bat while bloodless. [Vampire growth]
   861 | D:2      | Reached XP level 3. HP: 28/29 MP: 3/3
  1220 | D:2      | Found a shimmering altar of Xom.
  1612 | D:3      | Noticed Natasha
  1626 | D:3      | Killed from afar by Natasha

Illustrated notes

Levels and vault maps discovered:
D:1:      lightli_arrival_isolated_outpost, layout_loops_corners,
          shapermc_ecumenical_altar_petra
D:2:      layout_basic, basic_altar
D:3:      minmay_inner_zag, layout_loops_ring, uniq_natasha

Skill      XL: |  1  2  3 |
---------------+----------+-----
Fighting       | 3 |  3.2
Shields        | 3 |  3.2
Short Blades   | 3 |  3.0
Armour         | |  2.9

Action                   || total
-------------------------++-------
Melee: Rapier            ||   152
       Bite              ||    14
Armor: Scale mail        ||    74
Dodge: Dodged            ||    50
Block: Buckler           ||    32

Table legend: (Time is in decaauts)
 A = Elapsed time spent in this place.
 B = Non-inter-level travel time spent in this place.
 C = Inter-level travel time spent in this place.
 D = Time resting spent in this place.
 E = Time spent auto-exploring this place.
 F = Levels seen in this place.
 G = Mean time per level.
                   A        B        C        D        E       F      G
               +--------+--------+--------+--------+--------+-----+--------+
         Total |   1655 |   1573 |     82 |      0 |   1272 |   3 |  551.7 |
       Dungeon |   1655 |   1573 |     82 |      0 |   1272 |   3 |  551.7 |
               +--------+--------+--------+--------+--------+-----+--------+

Top non-repeatable levels by time:
     D:1: 867 daAuts
     D:2: 766 daAuts
     D:3: 21 daAuts
